 Dungeon Crawl Stone Soup version 0.32-a0-468-g38b2580584 (webtiles) character file.

Game seed: 15271543577200462738

174 Ruich the Sneak (level 5, -6/31 HPs)
             Began as an Octopode Earth Elementalist on Feb 25, 2024.
             Was an Initiate of Beogh.
             Mangled by a gnoll
             ... wielding a +0 halberd
              (15 damage)
             ... on level 3 of the Dungeon.
             The game lasted 00:08:19 (2336 turns).

Ruich the Sneak (Octopode Earth Elementalist)       Turns: 2336, Time: 00:08:20

Health: -6/31      AC:  1    Str:  7    XL:     5   Next: 54%
Magic:  4/9        EV: 13    Int: 19    God:    Beogh [......]
Gold:   122        SH:  0    Dex: 13    Spells: 5/9 levels left

rFire   . . .        d - +0 whip
rCold   . . .        (no shield)
rNeg    . . .        (helmet restricted)
rPois   .            (no amulet)
rElec   .            (no ring)
rCorr   .            (no ring)
SInv    .            (no ring)
Will    .....        (no ring)
Stlth   ++++         (no ring)
HPRegen 0.25/turn    (no ring)
MPRegen 0.11/turn    (no ring)
                     (no ring)

%: no passive effects
@: no status effects
A: almost no armour, amphibious, 8 rings, camouflage 1, gelatinous body 1,
(nimble swimmer 1), tentacles
a: Renounce Religion


You were on level 3 of the Dungeon.
You worshipped Beogh.
Beogh was noncommittal.
You visited 1 branch of the dungeon, and saw 4 of its levels.

You collected 122 gold pieces.


Innate Abilities, Weirdness & Mutations

You cannot wear most types of armour.
You are amphibious.
You can wear up to eight rings at the same time.
Your skin changes colour to match your surroundings (Stealth+).
Your rubbery body absorbs attacks. (AC +1, EV +1)
((You are camouflaged when in or above water. (Stealth+)))
You have tentacles for arms and can constrict up to eight enemies at once.


   Skills:
 - Level 2.0 Dodging
 + Level 4.3 Stealth
 + Level 2.9 Spellcasting
 + Level 1.8 Conjurations
 + Level 4.2 Earth Magic
 + Level 1.4 Shapeshifting


You had 5 spell levels left.
You knew the following spells:

 Your Spells              Type           Power      Damage    Failure   Level
w - Stone Arrow           Conj/Erth      28%        3d8       13%         3
z - Sandblast             Erth           36%        2d10      2%          1

Your spell library contained the following spells:

 Spells                   Type           Power      Damage    Failure   Level
 Passwall                 Erth           18%        N/A       9%          3
 Foxfire                  Conj/Fire      24%        2x1d5     11%         1
 Brom's Barrelling Bould  Conj/Erth      14%        2d4       41%         4
 Summon Ice Beast         Ice/Summ       2%         N/A       43%         3
 Petrify                  Alch/Erth      10%        N/A       54%         4
 Summon Mana Viper        Hex/Summ       2%         N/A       99%         5
 Plasma Beam              Fire/Air       1%         2x1d11    100%        6
 Starburst                Conj/Fire      3%         6d3       100%        6
 Monstrous Menagerie      Summ           1%         N/A       100%        7

Inventory:

Hand Weapons
 d - a +0 whip (weapon)
Talismans
 f - a serpent talisman
Scrolls
 b - a scroll of enchant weapon {unknown}
 c - a scroll of acquirement {unknown}
 g - a scroll of fog {unknown}
 h - a scroll of fear {unknown}
 i - a scroll of blinking {unknown}
Potions
 a - 2 potions of magic
 e - a potion of enlightenment {unknown}

Dungeon Overview and Level Annotations

Branches:
Dungeon (4/15)
 Temple: D:4-7

Altars:
Gozag

Shops:
D:1 :   D:2 [

Annotations:
D:4 exclusion: black bear

#############
#........@..#
#.#########g#
#.####.##.#.#
#))..#...<#g#
###########)#.####J#
......>...#.#....#.#
######.##.#.####.#.#
##.##.#......#.#
####.....########.#


You could see a gnoll.


Message History

The blast of sand misses the quokka.
The blast of sand misses the gnoll.
The quokka misses you. The quokka bites you.
* * * LOW HITPOINT WARNING * * *
The gnoll misses you. The quokka bites you.
* * * LOW HITPOINT WARNING * * *
The quokka attacks as it pursues you! The quokka closely misses you.
The quokka bites you.
* * * LOW HITPOINT WARNING * * *
The quokka attacks as it pursues you! The quokka closely misses you.
The quokka attacks as it pursues you! The quokka misses you.
Casting: Sandblast (safe; 2% risk of failure)
Confirm with . or Enter, or press ? or * to list all spells.
Okay, then.
Casting: Sandblast (safe; 2% risk of failure)
Confirm with . or Enter, or press ? or * to list all spells.
Aiming: Sandblast (safe; 2% risk of failure)
Press: ? - help, Shift-Dir - straight line, f - quokka
Aim: a quokka (75% to hit)
The quokka is severely wounded.
The quokka closely misses you. The quokka barely misses you.
Casting: Sandblast (safe; 2% risk of failure)
Confirm with . or Enter, or press ? or * to list all spells.
Aiming: Sandblast (safe; 2% risk of failure)
Press: ? - help, Shift-Dir - straight line, f/p - quokka
Aim: a quokka (severely wounded, 75% to hit)
You kill the quokka!
Beogh accepts your kill. The gnoll closely misses you.
You die...

Skill      XL: |  1  2  3  4 |
---------------+-------------+-----
Stealth        | 3 4 |  4.3
Earth Magic    | 4 |  4.2
Shapeshifting  | 1 |  1.4
Dodging        | |  2.0
Spellcasting   | |  2.9
Conjurations   | |  1.8

Action                     |  1- 3 |  4- 6 || total
---------------------------+-------+-------++-------
  Melee: Whip              |       |     2 ||     2
         Constrict         |       |     1 ||     1
         Tentacles         |       |     1 ||     1
   Cast: Sandblast         |    33 |    62 ||    95
 Invoke: Convert to Beogh  |       |     1 ||     1
 Armour: Skin              |     3 |    31 ||    34
  Dodge: Dodged            |     4 |    51 ||    55

Levels and vault maps discovered:
D:1:      saegor_arrival_simple_a, layout_basic, serial_shops,
          nicolae_shop_temple_entry_statues_fountains
D:2:      layout_loops_corners, serial_shops, nicolae_shop_peninsula,
          chequers_ecumenical_altar_island
D:3:      layout_basic, mainiacjoe_overflow_six_doors_small, moated_statue,
          minmay_cut_off
D:4:      layout_loops_ring, kennysheep_mini, nicolae_uskayaw_suspiria

Notes
Turn   | Place    | Note
-------+----------+-------------------------------------------
     0 | D:1      | Ruich the Octopode Earth Elementalist began the quest for
                  | the Orb.
     0 | D:1      | Reached XP level 1. HP: 11/11 MP: 3/3
   140 | D:1      | Found Veviting's Book Shop.
   179 | D:1      | Reached skill level 3 in Stealth
   179 | D:1      | Reached XP level 2. HP: 17/17 MP: 1/5
   590 | D:2      | Found a faded altar of an unknown god.
   844 | D:2      | Reached XP level 3. HP: 21/21 MP: 4/6
   865 | D:2      | Found Baiffak's Antique Armour Shoppe.
   923 | D:2      | You fall into a shaft and drop 2 floors!
   959 | D:4      | Learned a level 3 spell: Stone Arrow
   994 | D:4      | Reached XP level 4. HP: 27/27 MP: 5/7
  1024 | D:4      | Noticed a black bear
  1033 | D:4      | Reached skill level 4 in Earth Magic
  1033 | D:4      | Reached skill level 1 in Shapeshifting
  1264 | D:2      | Reached skill level 4 in Stealth
  1465 | D:2      | Reached XP level 5. HP: 31/31 MP: 6/9
  2089 | D:3      | Became a worshipper of Beogh the Shepherd
  2232 | D:3      | Found an opulent altar of Gozag.
  2336 | D:3      | Mangled by a gnoll

Vanquished Creatures
  A jelly (D:4)
  An iguana (D:4)
  3 gnolls (D:3)
  3 adders
  2 ribbon worms (D:2)
  4 orcs (D:3)
  6 ball pythons
  8 endoplasms
  3 giant cockroaches (D:2)
  4 goblins
  3 hobgoblins
  4 quokkas
  3 bats
  2 frilled lizards (D:2)
  4 kobolds
  4 rats
55 creatures vanquished.

Table legend: (Time is in decaauts)
 A = Elapsed time spent in this place.
 B = Non-inter-level travel time spent in this place.
 C = Inter-level travel time spent in this place.
 D = Time resting spent in this place.
 E = Time spent auto-exploring this place.
 F = Levels seen in this place.
 G = Mean time per level.
                   A        B        C        D        E       F      G
               +--------+--------+--------+--------+--------+-----+--------+
         Total |   2382 |   2366 |     16 |    626 |   1246 |   4 |  595.5 |
       Dungeon |   2382 |   2366 |     16 |    626 |   1246 |   4 |  595.5 |
               +--------+--------+--------+--------+--------+-----+--------+

Top non-repeatable levels by time:
     D:2: 1190 daAuts
     D:1: 563 daAuts
     D:3: 494 daAuts
     D:4: 134 daAuts

Table legend:
 A = Non-vault XP
 B = Vault XP
 C = Vault XP percentage of total XP
 D = Non-vault monster count
 E = Vault monster count
 F = Vault count percentage of total count
                 A         B        C        D         E       F
            +---------+---------+-------+---------+---------+-------
      Total |     251 |       0 |   0.0 |      55 |       0 |   0.0
            +---------+---------+-------+---------+---------+-------
        D:1 |      22 |       0 |   0.0 |      14 |       0 |   0.0
        D:2 |      68 |       0 |   0.0 |      24 |       0 |   0.0
        D:3 |      66 |       0 |   0.0 |      13 |       0 |   0.0
        D:4 |      95 |       0 |   0.0 |       4 |       0 |   0.0
            +---------+---------+-------+---------+---------+-------
